 Dungeon Crawl Stone Soup version 0.30.0-29-ga12c61a403 (webtiles) character file.

Game seed: 5851226171728910338

65 monsoonserge the Cudgeller (level 3, 0/36 HPs)
             Began as a Troll Berserker on June 12, 2023.
             Was a Believer of Trog.
             Slain by a goblin
             ... wielding a +0 dagger
              (3 damage)
             ... on level 3 of the Dungeon.
             The game lasted 00:02:48 (1581 turns).

monsoonserge the Cudgeller (Troll Berserker)        Turns: 1581, Time: 00:02:49

Health: 0/36       AC:  4    Str: 27    XL:     3   Next: 92%
Magic:  2/2        EV: 10    Int:  3    God:    Trog [**....]
Gold:   87         SH:  0    Dex:  9    Spells: 2/2 levels left

rFire   . . .        a - +0 mace
rCold   . . .        (no shield)
rNeg    . . .        b - +0 animal skin
rPois   .            (helmet restricted)
rElec   .            (no cloak)
rCorr   .            (gloves unavailable)
SInv    .            (boots unavailable)
Will    .....        (no amulet)
Stlth   +            (no ring)
HPRegen 1.06/turn    (no ring)
MPRegen 0.08/turn

%: no passive effects
@: on berserk cooldown, slowed, very slow
A: large, unfitting armour, claws 3, regeneration 1, shaggy fur 1, tough skin 1
a: Renounce Religion, Berserk, Trog's Hand


You were on level 3 of the Dungeon.
You worshipped Trog.
Trog was pleased with you.
You visited 1 branch of the dungeon, and saw 3 of its levels.

You collected 87 gold pieces.

Inventory:

Hand Weapons
 a - a +0 mace (weapon)
Missiles
 e - 11 poisoned darts (quivered)
Armour
 b - a +0 animal skin (worn)
Scrolls
 d - 3 scrolls of identify {unknown}
 f - 3 scrolls of enchant weapon {unknown}
 h - a scroll of noise {unknown}
 i - a scroll of brand weapon {unknown}
 l - a scroll of acquirement {unknown}
Potions
 c - 5 potions of curing {unknown}
 g - 2 potions of brilliance {unknown}
 j - a potion of cancellation {unknown}
 k - a potion of lignification {unknown}


   Skills:
 + Level 2.9 Fighting
 + Level 3.6 Maces & Flails
 + Level 2.9 Dodging


You had 2 spell levels left.
You didn't know any spells.
Your spell library was empty.

Dungeon Overview and Level Annotations

Branches:
Dungeon (3/15)

Altars:
Elyvilon


Innate Abilities, Weirdness & Mutations

You are too large for most types of armour.
You have claws for hands.
Your natural rate of healing is unusually fast.
You are covered in fur. (AC +1)
You have tough skin. (AC +1)


Message History

The orc priest is heavily wounded.
The orc priest barely misses you. Something hits you.
* * * LOW HITPOINT WARNING * * *
The goblin hits you with a +0 dagger.
* * * LOW HITPOINT WARNING * * *
You miss the orc priest.
The orc priest is heavily wounded.
The orc priest hits you but does no damage.
Something hits you.
* * * LOW HITPOINT WARNING * * *
The goblin barely misses you.
You feel a strong urge to attack something.
You are no longer berserk.
You are exhausted.
You feel yourself slow down.
You closely miss the orc priest.
The orc priest is heavily wounded.
You feel less confused. The orc priest barely misses you. Something hits you.
* * * LOW HITPOINT WARNING * * *
The orc priest closely misses you. The goblin hits you but does no damage.
You hit the orc priest.
The orc priest is heavily wounded.
The orc priest barely misses you. Something hits you but does no damage.
The goblin hits you with a +0 dagger.
* * * LOW HITPOINT WARNING * * *
Something hits you.
* * * LOW HITPOINT WARNING * * *
The goblin hits you with a +0 dagger.
* * * LOW HITPOINT WARNING * * *
The orc priest hits you with a +0 trident.
* * * LOW HITPOINT WARNING * * *
Unknown command.
You hit the orc priest but do no damage.
The orc priest is heavily wounded.
The orc priest casts a cantrip, but nothing happens.
Something hits you.
* * * LOW HITPOINT WARNING * * *
The goblin hits you with a +0 dagger.
You die...

#.# ##.# ...#
#..#########
.#####.|##... ..#
......(.##.####.#
..##..........#.#
.......@##.##.#.######
#.##.#og)#.##........#
...........####.####.#
#.####..)#.# #.# #.#
##.##.# #.# #.#
...##.. ..####.#
###.##### ####.>.#
##+# #.### ##...## #.#


You could see an orc priest and a goblin.

Vanquished Creatures
  A gnoll (D:1)
  An adder (D:2)
  2 dart slugs
  2 orcs (D:3)
  5 bats
  2 endoplasms (D:1)
  A giant cockroach (D:2)
  2 goblins (D:1)
  4 hobgoblins (D:1)
  4 jackals (D:1)
  6 kobolds
  5 ball pythons
  2 frilled lizards
  2 rats (D:2)
39 creatures vanquished.

Notes
Turn   | Place    | Note
-------+----------+-------------------------------------------
     0 | D:1      | monsoonserge the Troll Berserker began the quest for the
                  | Orb.
     0 | D:1      | Reached XP level 1. HP: 22/22 MP: 0/0
   103 | D:1      | Reached XP level 2. HP: 29/29 MP: 1/1
   106 | D:1      | Reached skill level 3 in Maces & Flails
   231 | D:1      | Reached XP level 3. HP: 34/36 MP: 2/2
   983 | D:2      | Reached ** piety under Trog
  1155 | D:2      | Found a white marble altar of Elyvilon.
  1581 | D:3      | Slain by a goblin

Illustrated notes

Levels and vault maps discovered:
D:1:      erik_arrival_orb_chamber, layout_basic, st_stairs_13,
          serial_park_tiny_1, wander_ebering_terrifying_dragon_lair
D:2:      cheibrodos_helix_gallery, layout_basic, basic_altar
D:3:      layout_loops_corners

Skill      XL: |  1  2 |
---------------+-------+-----
Maces & Flails | 3 |  3.6
Fighting       | |  2.9
Dodging        | |  2.9

Action                     || total
---------------------------++-------
  Melee: Mace              ||   121
 Invoke: Berserk           ||     1
   Stab: Sleeping          ||     2
 Armour: Animal skin       ||    54
  Dodge: Dodged            ||    71
